 Dungeon Crawl Stone Soup version 0.29.1-15-g9cfb28693d (webtiles) character file.

Game seed: 7375979075353533937

27323 redmage the Eclecticist (level 14, 21/110 HPs)
             Began as a Meteoran Earth Elementalist on Sept 6, 2023.
             Was an Elder of Sif Muna.
             Quit the game on level 1 of the Swamp.
             The game lasted 00:58:30 (4016 turns).

redmage the Eclecticist (MeEE)                      Turns: 4016, Time: 00:58:30

Health: 21/110     AC:  7    Str:  9    XL:     14   Next: 3%
Magic:  36/36      EV: 15    Int: 23    God:    Sif Muna [****..]
Gold:   744        SH:  5    Dex: 15    Spells: 41/47 levels left

rFire   . . .      SeeInvis .   g - +4 halberd (freeze)
rCold   . . .      Faith    .   (shield currently unavailable)
rNeg    . . .      Spirit   .   q - +0 robe "Caickogu" {rPois Regen+ rCorr Slay+5}
rPois   +          Reflect  +   n - +2 helmet
rElec   .          Harm     .   (no cloak)
rCorr   +          Rampage  .   k - +0 pair of gloves
Will    +....                   d - +0 pair of boots
Stlth   +.........              c - amulet of reflection
HPRegen 1.08/turn               A - ring of flight
MPRegen 0.25/turn               r - +4 ring of slaying

@: mildly poisoned (21 -> 20), flying, glowing
A: sense surroundings 2, otherworldly, glowing, explore regen
a: Renounce Religion, Channel Magic, Forget Spell, Divine Exegesis


You were on level 1 of the Swamp.
You worshipped Sif Muna.
Sif Muna was greatly pleased with you.
You visited 4 branches of the dungeon, and saw 18 of its levels.
You also visited: Sewer.

You collected 744 gold pieces.

Inventory:

Hand Weapons
 g - a +4 halberd of freezing (weapon)
 t - a +2 trident of protection
Missiles
 i - a curare-tipped dart
Armour
 d - a +0 pair of boots (worn)
 k - a +0 pair of gloves (worn)
 n - a +2 helmet (worn)
 q - the +0 robe "Caickogu" (worn) {rPois Regen+ rCorr Slay+5}
   (You found it on level 2 of the Dungeon)

   Slay:      It affects your accuracy & damage with ranged weapons and melee
   (+5).
   rPois:     It protects you from poison.
   Regen:     It increases your rate of health regeneration.
   rCorr:     It protects you from acid and corrosion.
Jewellery
 c - an amulet of reflection (around neck)
 p - a ring of wizardry
 r - a +4 ring of slaying (right hand)
 A - a ring of flight (left hand)
 E - a ring of poison resistance
Wands
 m - a wand of iceblast (8)
 s - a wand of flame (20) (quivered)
 x - a wand of acid (7)
Scrolls
 a - a scroll of vulnerability
 h - 4 scrolls of blinking
 l - 3 scrolls of magic mapping
 u - 2 scrolls of enchant armour
 v - 2 scrolls of brand weapon
 y - a scroll of butterflies
 B - 5 scrolls of teleportation
 D - a scroll of enchant weapon {unknown}
Potions
 b - 2 potions of magic
 e - a potion of lignification
 f - 2 potions of mutation
 j - a potion of might
 o - a potion of haste {unknown}
 z - a potion of heal wounds {unknown}
 C - a potion of brilliance {unknown}
Miscellaneous
 F - a phantom mirror (inert)


   Skills:
 - Level 6.0 Fighting
 - Level 7.2 Dodging
 - Level 1.4 Stealth
 - Level 17.2 Spellcasting
 - Level 6.0 Conjurations
 - Level 1.2 Transmutations
 + Level 11.8 Earth Magic
 - Level 12.0 Invocations
 - Level 6.0 Evocations


You had 41 spell levels left.
You knew the following spells:

 Your Spells              Type           Power      Damage    Failure   Level
a - Sandblast             Erth           100%       2d20      1%          1
b - Passwall              Tmut/Erth      40%        N/A       1%          2
c - Stone Arrow           Conj/Erth      100%       3d13      1%          3

Your spell library contained the following spells:

 Spells                   Type           Power      Damage    Failure   Level
 Petrify                  Tmut/Erth      49%        N/A       1%          4
 Necrotise                Necr           76%        1d7       2%          1
 Portal Projectile        Hex/Tloc       38%        N/A       9%          3
 Tukima's Dance           Hex            19%        N/A       9%          3
 Vampiric Draining        Necr           19%        2d7       9%          3
 Blade Hands              Tmut           12%        N/A       41%         5
 Agony                    Necr           19%        N/A       58%         5


Dungeon Overview and Level Annotations

Branches:
Dungeon (11/15) Zot: 4643  Temple (1/1) D:6 Zot: 591    Lair (5/5) D:8 Zot: 979
  Swamp (1/4) Lair:2 Zot: 584  Spider (0/4) Lair:3        Slime (0/5) Lair:5
  Sewer (visited)
    Orc: D:9-12

Altars:
Cheibriados
Fedhas
Hepliaklqana
Nemelex Xobeh
Qazlal
Sif Muna
Uskayaw
Jiyva

Shops:
D:6 :

Annotations:
D:5 Pikel
D:7 3 runed translucent doors
D:9 exclusion: upstairs


Innate Abilities, Weirdness & Mutations

You passively map the area around you.
You are easily found by Zot.
You glow in the dark.
You regain HP and MP as you explore.


Message History

This branch contains the decaying rune of Zot.
The alligator barely misses you. The alligator closely misses you.
A spriggan rider comes into view. It is wielding a +0 spear.
The alligator closely misses you. The alligator completely misses you.
The fenstrider witch casts a spell at you.
The toxic sludge hits you!!
You are poisoned.
You partially resist.
The spriggan rider hits you from afar with a +0 spear!!
The spriggan druid barely misses you.
The spriggan druid attacks as you move away!
The spriggan druid closely misses you. The alligator attacks as you move away!
You block the alligator's attack. The alligator tail-slaps you!
Found 13 gold pieces.
Your surroundings suddenly seem different. 2 alligators, a bog body and a swamp worm come into view.
Found a stone staircase leading down.
You feel sick.
The swamp worm fires a harpoon shot at you.
The harpoon shot misses you.
Something festers in the toxic bog!
You feel sick.
The bog body gestures at you while chanting.
The bolt of cold hits you!!
You feel sick.
The alligator puts on a burst of speed!
The bog body gestures at you while chanting.
You resist with almost no effort.
You feel sick. The bog body casts a spell at you. The bolt of cold hits you!
You hear a shout!
There is a stone staircase leading down here.
You feel sick.
The swamp worm fires a harpoon shot at you.
The harpoon shot hits you!
You stop descending the stairs.
You are yanked forward by the harpoon shot.
A spriggan rider comes into view. It is wielding a +0 spear.
The bog body touches you. The bog body freezes you!!
* * * LOW HITPOINT WARNING * * *
The swamp worm barely misses you.
Unknown command.
Are you sure you want to abandon this character and quit the game? (Confirm with "yes".)

~ ..~ ,.~~~~....,
, ~ ~ *
.~~♣♣~§~~~... ~ ~
~ ~ , * ~~
.....~~.. , * **
♣. ♣...~~~.. *
♣♣..♣>.~~~~.. ,
~~ *
♣§.~♣.~~~~~~. * ,
~,, ~
♣♣♣~.~~~~~.. * ,
, * , ,
♣♣..t...~§~..
♣.~@t~~.~~~.♣** ,
♣i~§nw....~~~.~
,,
♣~~~~~....~§~.~ ,
~ ~
♣~~~~~..♣♣♣~~.~**
~§.~~~~..♣ ♣♣♣♣
*~ ,, ~
..~..~~..♣♣ *, ,
~ .♣♣♣~.~~.~ ~ ,
, ~ ♣♣..~~. * * ~
~ ~ ~ , , *


You could see 2 alligators, a spriggan rider (wandering), a bog body and a swamp
worm.

Vanquished Creatures
  A dire elephant (Lair:5)
  A boulder beetle (Lair:3)
  3 catoblepae (Lair:5)
  An alligator (Swamp:1)
  3 death yaks (Lair:5)
  2 bog bodies (Lair:2)
  A manticore (Lair:5)
  4 elephants
  A centaur zombie (D:10)
  A black mamba (Lair:1)
  10 cane toads
  A gargoyle (D:10)
  3 torpor snails
  4 komodo dragons
  A bloated husk (Swamp:1)
  A polar bear (Lair:4)
  A dream sheep (Lair:5)
  7 blink frogs
  A spriggan (Lair:2)
  2 shadows
  2 wraiths (D:10)
  24 yaks
  3 wyverns
  5 basilisks
  2 redbacks (Lair:3)
  A steam dragon (Lair:2)
  2 wargs (D:8)
  A swamp drake (Lair:2)
  13 water moccasins
  4 orc warriors
  An ice beast (D:7)
  An ogre (D:6)
  9 wolves
  A phantom (D:6)
  2 lemures
  A kobold brigand (D:6)
  10 bullfrogs
  A scorpion (D:7)
  6 wights
  14 killer bees
  An electric eel (Lair:2)
  A hound (D:5)
  3 jellies
  3 orc priests
  An iguana (D:4)
  5 orc wizards
  11 hell rats
  A howler monkey zombie (D:10)
  Robin (D:3)
  7 gnolls (D:6)
  12 adders
  5 river rats (Lair:5)
  2 white imps (D:6)
  2 dart slugs
  24 orcs
  2 bats
  9 endoplasms
  4 giant cockroaches
  14 goblins
  4 hobgoblins
  8 quokkas
  9 ball pythons (Sewer)
  12 frilled lizards
  12 kobolds
  4 rats
309 creatures vanquished.

Vanquished Creatures (collateral kills)
  A dream sheep (Lair:5)
  A water moccasin (Lair:5)
2 creatures vanquished.

Vanquished Creatures (others)
  A manticore (Lair:5)
  A black mamba (Lair:5)
  2 cane toads (Lair:5)
  16 fungi
  21 plants
  3 withered plants (D:10)
44 creatures vanquished.

Grand Total: 355 creatures vanquished

Notes
Turn   | Place    | Note
-------+----------+-------------------------------------------
     0 | D:1      | redmage the Meteoran Earth Elementalist began the quest for
                  | the Orb.
     0 | D:1      | Reached XP level 1. HP: 14/14 MP: 5/5
   101 | D:2      | Reached XP level 2. HP: 20/20 MP: 4/6
   137 | D:3      | Reached skill level 3 in Spellcasting
   137 | D:3      | Found a hazy altar of Hepliaklqana.
   167 | D:3      | Learned a level 2 spell: Passwall
   205 | D:3      | Reached XP level 3. HP: 25/26 MP: 1/8
   235 | D:3      | Noticed Robin
   298 | D:3      | Killed Robin
   317 | D:3      | Reached XP level 4. HP: 29/33 MP: 1/10
   398 | D:3      | Learned a level 3 spell: Stone Arrow
   414 | D:2      | Identified the +0 robe "Caickogu" {rPois Regen+ rCorr
                  | Slay+5}
   463 | D:3      | Identified the +1 leather armour "Zotim" {rC+ rCorr MP-9
                  | Str+2 Slay+3}
   485 | D:4      | Reached skill level 5 in Earth Magic
   501 | D:5      | Entered Level 5 of the Dungeon
   503 | D:5      | Noticed a wight
   503 | D:5      | Noticed a wight
   505 | D:5      | Reached skill level 4 in Spellcasting
   505 | D:5      | Reached skill level 1 in Conjurations
   505 | D:5      | Reached XP level 5. HP: 38/38 MP: 9/12
   552 | D:4      | Reached XP level 6. HP: 45/45 MP: 11/13
   613 | D:5      | Reached XP level 7. HP: 50/50 MP: 13/15
   617 | D:5      | Reached skill level 5 in Spellcasting
   621 | D:5      | Reached skill level 5 in Conjurations
   725 | D:6      | Reached XP level 8. HP: 57/57 MP: 15/17
   755 | D:6      | Reached skill level 6 in Spellcasting
   772 | D:5      | Noticed Pikel
   872 | D:6      | Reached skill level 7 in Spellcasting
   944 | D:6      | Found Verebbai's Book Boutique.
   965 | D:6      | Found a glowing drain.
   974 | Sewer    | Entered a sewer
  1145 | Sewer    | Gained mutation: You passively map the area around you.
                  | [Meteoran growth]
  1145 | Sewer    | Reached XP level 9. HP: 59/62 MP: 13/21
  1199 | D:6      | Reached skill level 8 in Spellcasting
  1258 | D:6      | Found a staircase to the Ecumenical Temple.
  1264 | Temple   | Entered the Ecumenical Temple
  1268 | Temple   | Became a worshipper of Sif Muna the Loreminder
  1367 | D:7      | Found a runed translucent gate.
  1367 | D:7      | Found a runed translucent gate.
  1371 | D:7      | Found a runed translucent gate.
  1389 | D:7      | Reached skill level 1 in Fighting
  1427 | D:8      | Reached skill level 9 in Spellcasting
  1524 | D:8      | Found a staircase to the Lair.
  1540 | D:8      | Reached XP level 10. HP: 74/74 MP: 18/24
  1548 | D:8      | Reached skill level 10 in Spellcasting
  1693 | D:9      | Reached * piety under Sif Muna
  1701 | D:10     | Entered Level 10 of the Dungeon
  1701 | D:10     | Noticed a gargoyle
  1705 | D:10     | Killed a gargoyle
  1706 | D:10     | Reached skill level 5 in Dodging
  1732 | D:10     | Reached skill level 11 in Spellcasting
  1791 | D:10     | Reached skill level 5 in Fighting
  1817 | D:10     | Reached skill level 12 in Spellcasting
  1826 | D:10     | Reached XP level 11. HP: 88/88 MP: 2/28
  1967 | D:11     | Noticed an eight-headed hydra
  2064 | Lair:1   | Entered Level 1 of the Lair of Beasts
  2097 | Lair:1   | Noticed a black mamba
  2106 | Lair:1   | Killed a black mamba
  2151 | Lair:1   | Noticed a torpor snail
  2151 | Lair:1   | Noticed a death yak
  2237 | Lair:1   | Reached skill level 5 in Invocations
  2296 | Lair:1   | Killed a torpor snail
  2486 | Lair:2   | Found a staircase to the Swamp.
  2486 | Lair:2   | Noticed a bog body
  2487 | Lair:2   | Noticed a bog body
  2492 | Lair:2   | Killed a bog body
  2494 | Lair:2   | Killed a bog body
  2525 | Lair:3   | Reached ** piety under Sif Muna
  2558 | Lair:3   | Reached skill level 10 in Invocations
  2558 | Lair:3   | Reached XP level 12. HP: 58/96 MP: 9/29
  2792 | Lair:2   | Reached skill level 13 in Spellcasting
  2941 | Lair:3   | Reached skill level 14 in Spellcasting
  2961 | Lair:3   | Found a hole to the Spider Nest.
  3052 | Lair:4   | Reached skill level 15 in Spellcasting
  3078 | Lair:5   | Entered Level 5 of the Lair of Beasts
  3154 | Lair:4   | Reached *** piety under Sif Muna
  3184 | Lair:4   | Reached XP level 13. HP: 101/102 MP: 20/33
  3324 | Lair:5   | Found a staircase to the Slime Pits.
  3324 | Lair:5   | Found a viscous altar of Jiyva.
  3331 | Lair:5   | Reached skill level 16 in Spellcasting
  3423 | Lair:3   | You are sucked into a shaft and drop 2 floors!
  3513 | Lair:5   | Reached **** piety under Sif Muna
  3531 | Lair:5   | Noticed a catoblepas
  3546 | Lair:5   | Killed a catoblepas
  3547 | Lair:5   | Reached skill level 17 in Spellcasting
  3578 | Lair:5   | Reached skill level 1 in Evocations
  3602 | Lair:5   | Noticed a death yak
  3603 | Lair:5   | Noticed a death yak
  3616 | Lair:5   | Killed a death yak
  3630 | Lair:5   | Killed a death yak
  3631 | Lair:5   | Reached skill level 5 in Evocations
  3676 | Lair:5   | Noticed a catoblepas
  3687 | Lair:5   | Killed a catoblepas
  3704 | Lair:5   | Noticed a catoblepas
  3704 | Lair:5   | Noticed a dire elephant
  3704 | Lair:5   | Noticed a death yak
  3731 | Lair:5   | Killed a catoblepas
  3732 | Lair:5   | Reached skill level 10 in Earth Magic
  3836 | Lair:5   | Killed a dire elephant
  3843 | Lair:5   | Killed a death yak
  3925 | Lair:3   | Noticed a boulder beetle
  3942 | Lair:3   | Killed a boulder beetle
  3989 | Swamp:1  | Entered Level 1 of the Swamp
  3989 | Swamp:1  | Noticed an alligator
  3994 | Swamp:1  | Noticed an alligator
  3996 | Swamp:1  | Killed an alligator
  3996 | Swamp:1  | Noticed a fenstrider witch
  3997 | Swamp:1  | Reached XP level 14. HP: 79/110 MP: 21/36
  4016 | Swamp:1  | Quit the game

Illustrated notes

Levels and vault maps discovered:
D:1:      psy_arrival_conway, layout_basic, shapermc_ecumenical_altar_petra,
          dreamdust_princess_bridge, kennysheep_nondescript
D:2:      layout_loops_ring, chequers_serial_rivers_micro_d,
          kennysheep_generic_room_13
D:3:      minmay_razor_zed, layout_rooms, nicolae_hepliaklqana_hazy_memory,
          uniq_robin
D:4:      layout_layer_cave
D:5:      layout_cave_pools, serial_shops, shop, shop, nicolae_shop_waterfront,
          corexii_checkpoint_a, uniq_pikel
D:6:      layout_gridville, minmay_temple_entry_fiery, serial_shops, shop,
          portal_sewer_entry_d
D:7:      layout_loops_ring, gammafunk_ghost_icy
D:8:      gammafunk_corrupted_shrine, layout_loops_ring,
          erik_lair_orcish_takeover, serial_shops, shop, grunt_tough_drop
D:9:      layout_basic, gammafunk_temple_overflow_statue,
          kennysheep_generic_room_11, uniq_harold
D:10:     layout_irregular_city, david_orc_4, serial_undead, serial_undead_d,
          serial_undead_c, serial_undead_d, serial_undead_b
D:11:     layout_stronghold, enter_trove_2
Temple:   nicolae_temple_bog_church
Lair:1:   layout_loops_ring, serial_bayou_shore_a
Lair:2:   layout_cave_shapes, skrybe_swamp_entry_bodies, disabler_island
Lair:3:   layout_small_grid, spider_nest_entry_a, beast_lair_carwin_8
Lair:4:   layout_cellular_growth, grunt_megastairs_3
Lair:5:   hangedman_lair_in_review, layout_cave_pods, slime_entry_1,
          kennysheep_abandoned_house, lemuel_fruit_tree
Swamp:1:  layout_basic_swamp, evilmike_swamp_ruin_house_2, swamp_pool2

Skill      XL: |  1  2  3  4  5  6  7  8  9 10 11 12 13 |
---------------+----------------------------------------+-----
Earth Magic    | 4 5 6 8 9 11 | 11.8
Spellcasting   | 3 4 5 7 9 12 15 17 | 17.2
Conjurations   | 1 2 4 5 6 |  6.0
Fighting       | 2 5 6 |  6.0
Dodging        | 4 6 7 |  7.2
Invocations    | 10 12 | 12.0
Evocations     | 6 |  6.0
Stealth        | |  1.4
Transmutations | |  1.2

Action                   |  1- 3 |  4- 6 |  7- 9 | 10-12 | 13-15 || total
-------------------------+-------+-------+-------+-------+-------++-------
Melee: Halberd           |       |       |    16 |    11 |    15 ||    42
 Cast: Sandblast         |    32 |    36 |   143 |    82 |    52 ||   345
       Passwall          |     3 |     1 |    16 |     7 |    10 ||    37
       Stone Arrow       |       |     2 |    34 |   183 |   107 ||   326
Invok: Channel Magic     |       |       |       |       |     1 ||     1
Evoke: Wand              |       |       |     1 |     9 |    10 ||    20
       Phantom mirror    |       |       |       |       |     1 ||     1
  Use: Scroll            |       |     8 |     5 |     4 |     3 ||    20
       Potion            |       |     1 |       |       |       ||     1
 Stab: Petrified         |       |       |       |       |     3 ||     3
       Distracted        |       |       |       |       |     1 ||     1
       Petrifying        |       |       |       |       |     1 ||     1
Armor: Robe              |     5 |     2 |    33 |    51 |    23 ||   114
       Skin              |       |    10 |       |       |       ||    10
Dodge: Dodged            |    10 |     4 |    37 |   108 |    81 ||   240
Block: Other             |     5 |     5 |    21 |    34 |    20 ||    85
       Reflection        |     2 |     1 |     2 |       |       ||     5
